Map: [ESL] Glittering Ashes

Players

ShoWTimE

  • Race: Protoss Protoss

Ryung - Winner!

  • Race: Terran Terran

Event: IEM Katowice 2022

VOD

Have the link to the VOD?

Description

Time

  • Played on: Feb. 24, 2022, 1 p.m.
  • Length: 12:28

All games in this series

Show
View Real Time Build Order
Export as new Build Order

ShoWTimE Protoss 

Build Orders: 1 Gate Expand, Oracle Opening, Phoenix Opening, Colossus Rush 

Get SALT Encoding   

  12  0:00  Probe  
  13  0:12  Probe  
  14  0:16  Pylon  
  14  0:24  Probe (Chrono Boost)  
  15  0:35  Gateway  
  15  0:36  Probe (Chrono Boost)  
  16  0:45  Probe (Chrono Boost)  
  16  0:46  Assimilator  
  17  0:51  Probe  
  18  1:03  Probe  
  19  1:15  Probe  
  20  1:27  Cybernetics Core  
  20  1:31  Nexus  
  20  1:34  Probe  
  21  1:41  Pylon  
  21  1:46  Probe  
  22  1:50  Assimilator  
  22  1:58  Probe  
  22  2:00  Adept (Chrono Boost)  
  25  2:10  Probe  
  26  2:21  Stargate  
  26  2:22  Probe  
  27  2:23  Adept (Chrono Boost)  
  29  2:35  Warp Gate  
  29  2:36  Probe (Chrono Boost)  
  30  2:43  Probe (Chrono Boost)  
  31  2:46  Adept  
  34  2:52  Probe (Chrono Boost)  
  34  2:53  Probe (Chrono Boost)  
  34  2:58  Probe x2 (Chrono Boost)  
  35  3:04  Oracle (Chrono Boost)  
  37  3:10  Probe  
  37  3:11  Probe  
  42  3:13  Pylon  
  42  3:19  Adept  
  44  3:22  Probe  
  44  3:23  Probe  
  47  3:34  Probe  
  47  3:35  Gateway, Probe  
  47  3:38  Phoenix  
  50  3:45  Pylon  
  50  3:46  Probe  
  50  3:48  Probe  
  52  3:58  Assimilator, Probe  
  52  3:59  Assimilator  
  52  4:00  Probe  
  55  4:10  Pylon, Probe  
  55  4:12  Probe  
  57  4:18  Robotics Facility  
  57  4:22  Probe  
  59  4:24  Probe  
  57  4:34  Probe  
  57  4:35  Pylon  
  57  4:36  Probe  
  59  4:39  Sentry  
  59  4:41  Nexus  
  61  4:46  Probe  
  61  4:48  Pylon, Probe  
  61  4:49  Phoenix  
  65  4:58  Probe  
  66  5:00  Gateway, Probe  
  66  5:04  Robotics Bay  
  66  5:05  Observer (Chrono Boost)  
  68  5:11  Probe  
  68  5:12  Probe  
  70  5:18  Immortal (Chrono Boost)  
  70  5:20  Pylon  
  74  5:22  Sentry  
  74  5:23  Probe  
  74  5:24  Probe  
  74  5:25  Shield Battery  
  78  5:31  Shield Battery  
  78  5:33  Phoenix  
  78  5:35  Probe  
  81  5:36  Probe  
  81  5:40  Pylon  
  79  5:47  Probe  
  79  5:48  Colossus (Chrono Boost)  
  80  5:56  Stalker x2  
  90  5:58  Phoenix  
  90  5:59  Stalker  
  90  6:03  Pylon, Extended Thermal Lance  
  90  6:04  Probe  
  95  6:05  Probe  
  95  6:06  Probe  
  97  6:18  Pylon  
  97  6:21  Stalker  
  97  6:22  Adept x2  
  97  6:24  Pylon  
  105  6:35  Colossus (Chrono Boost)  
  109  6:41  Pylon  
  109  6:42  Probe x2  
  109  6:43  Probe  
  109  6:46  Zealot x3  
  118  6:49  Phoenix  
  121  6:54  Probe x2  
  121  6:56  Pylon  
  122  7:01  Gateway  
  122  7:02  Gateway  
  122  7:06  Forge  
  122  7:07  Twilight Council, Probe x3  
  125  7:12  Assimilator  
  125  7:14  Colossus  
  125  7:16  Assimilator  
  125  7:22  Pylon  
  131  7:25  Gateway, Shield Battery  
  131  7:27  Protoss Ground Weapons Level 1 (Chrono Boost)  
  131  7:29  Stalker x2  
  135  7:35  Gateway  
  134  7:38  Oracle (Chrono Boost)  
  134  7:41  Gateway  
  134  7:42  Gateway  
  137  7:45  Charge (Chrono Boost)  
  137  7:52  Photon Cannon  
  137  7:55  Photon Cannon  
  137  7:57  Photon Cannon  
  137  8:00  Sentry  
  137  8:01  Zealot x2  
  143  8:07  Colossus (Chrono Boost)  
  143  8:11  Pylon  
  149  8:22  Zealot x4  
  149  8:23  Pylon, Zealot  
  159  8:29  Pylon  
  159  8:38  Zealot x4  
  167  8:43  Pylon  
  167  8:44  Pylon  
  167  8:50  Pylon  
  167  8:54  Nexus  
  167  8:55  Forge  
  167  8:58  Warp Prism  
  169  9:03  Pylon  
  169  9:12  Shield Battery  
  169  9:14  Templar Archives  
  169  9:19  Stalker x3  
  175  9:29  Stalker x4  
  175  9:30  Protoss Ground Weapons Level 2 (Chrono Boost)  
  180  9:32  Protoss Ground Armor Level 1 (Chrono Boost)  
  180  9:33  Blink (Chrono Boost)  
  180  9:47  Zealot x3  
  186  10:01  Zealot x4  
  186  10:06  Photon Cannon  
  194  10:10  Disruptor  
  197  10:20  Zealot x2  
  197  10:38  Robotics Facility  
  195  10:43  Zealot x2  
  197  11:03  Gateway  
  193  11:05  Gateway  
  193  11:08  Stalker x3  
  194  11:15  Disruptor (Chrono Boost)  
  132  11:28  Stalker x3  
  132  11:29  Zealot x6  
  132  11:30  Disruptor (Chrono Boost)  
  135  11:36  Probe x3  
  135  11:37  Probe  
  140  11:46  Disruptor (Chrono Boost)  
  143  11:49  Zealot x4  
  143  11:50  Zealot x2  
  125  12:07  Nexus  
  120  12:16  Stalker x3  
  120  12:17  Stalker x4  
  130  12:22  Zealot x2  
Show
View Real Time Build Order
Export as new Build Order

Ryung Terran - Winner!

Build Orders:  

Get SALT Encoding   

  12  0:00  SCV  
  13  0:12  SCV  
  14  0:16  Supply Depot  
  14  0:24  SCV  
  15  0:38  SCV, Barracks  
  16  0:44  Refinery  
  16  0:50  SCV  
  17  1:02  SCV  
  18  1:09  Engineering Bay  
  18  1:14  SCV  
  19  1:25  Marine  
  19  1:26  Orbital Command  
  20  1:48  Barracks Reactor  
  20  1:54  SCV, Command Center  
  21  2:02  Supply Depot  
  21  2:06  SCV  
  22  2:12  Factory  
  22  2:18  SCV  
  23  2:24  Marine x2  
  25  2:30  SCV  
  25  2:33  Barracks  
  26  2:42  SCV, Marine x2  
  29  2:56  Hellion  
  31  3:05  SCV  
  31  3:06  Orbital Command, Marine x2  
  34  3:14  Barracks  
  34  3:17  SCV  
  34  3:18  Widow Mine  
  36  3:24  Marine  
  37  3:27  Barracks Tech Lab, Marine  
  37  3:30  SCV  
  37  3:32  SCV  
  40  3:37  Supply Depot  
  40  3:42  Marine  
  40  3:43  Refinery  
  40  3:45  SCV x2, Marine  
  40  3:47  Stimpack  
  44  3:57  SCV x2, Engineering Bay  
  44  4:02  Barracks Tech Lab  
  46  4:05  Marine x3  
  46  4:09  SCV x2  
  49  4:17  Supply Depot  
  49  4:21  Combat Shield  
  49  4:22  SCV  
  49  4:23  SCV  
  51  4:24  Terran Infantry Weapons Level 1  
  51  4:25  Marine x2  
  54  4:33  Bunker  
  54  4:38  SCV x2  
  54  4:39  Starport  
  54  4:40  Supply Depot  
  55  4:45  Factory Reactor  
  55  4:49  Refinery  
  55  4:50  SCV, Marine x3  
  55  4:51  SCV  
  55  4:52  Marine  
  61  4:57  Supply Depot  
  61  5:02  SCV  
  61  5:03  SCV  
  61  5:04  Missile Turret  
  63  5:08  Marine  
  63  5:12  Marauder x2, Marine  
  69  5:15  SCV  
  69  5:19  SCV  
  69  5:20  Supply Depot  
  71  5:23  Supply Depot  
  71  5:27  Sensor Tower  
  71  5:28  Medivac  
  73  5:32  Marine x2  
  75  5:41  Marine, Medivac  
  75  5:42  Marine  
  78  5:44  SCV x2  
  81  5:52  Command Center  
  81  5:59  Factory Tech Lab  
  81  6:01  Factory Reactor  
  81  6:03  Marine  
  81  6:04  Marine, Marauder x2  
  87  6:09  SCV x2, Refinery  
  87  6:10  Supply Depot x2  
  89  6:13  Concussive Shells  
  89  6:19  Medivac  
  89  6:21  Medivac  
  93  6:31  SCV x2  
  95  6:35  Barracks  
  95  6:36  Barracks  
  95  6:42  Marine x2, Marauder x2  
  95  6:45  Widow Mine  
  103  6:48  Widow Mine  
  103  6:51  Terran Infantry Armor Level 1  
  105  6:54  SCV x2  
  107  7:02  Marine x2  
  107  7:05  Viking  
  107  7:07  Viking  
  113  7:13  SCV x2  
  119  7:22  Barracks Tech Lab  
  119  7:23  Marauder x2  
  119  7:25  Barracks Reactor  
  119  7:27  SCV x2  
  121  7:39  SCV  
  121  7:40  SCV, Orbital Command  
  121  7:43  Viking  
  125  7:48  Supply Depot x2  
  125  7:50  Viking  
  127  7:57  Armory  
  127  7:58  SCV, Engineering Bay  
  128  7:59  SCV  
  128  8:04  Marauder x2  
  133  8:10  Marauder  
  135  8:14  Supply Depot x2  
  135  8:18  Supply Depot  
  135  8:20  Viking  
  135  8:21  SCV x3  
  135  8:24  Viking  
  140  8:33  SCV x3, Refinery x2  
  143  8:37  Marauder x3  
  149  8:45  Terran Infantry Weapons Level 2  
  149  8:46  Terran Infantry Armor Level 2  
  148  8:52  Terran Ship Weapons Level 1  
  148  8:53  SCV x2  
  148  8:54  SCV  
  150  8:56  Ghost Academy  
  150  8:58  Viking  
  150  8:59  Supply Depot  
  150  9:01  Viking  
  154  9:09  Marauder x3  
  160  9:23  Command Center  
  159  9:30  Ghost x3  
  159  9:31  Supply Depot  
  165  9:43  Barracks  
  165  9:44  Barracks  
  165  9:45  Missile Turret  
  165  9:47  Barracks  
  165  9:48  Enhanced Shockwaves  
  162  10:02  Viking  
  162  10:03  Viking  
  162  10:05  Ghost x2  
  169  10:08  Ghost  
  171  10:26  Starport  
  171  10:31  SCV x2  
  171  10:34  Marauder x2  
  175  10:37  Marauder  
  175  10:39  Barracks Reactor, Barracks Tech Lab x2  
  176  10:47  Viking x2  
  177  10:56  Marauder x2  
  178  11:06  Planetary Fortress  
  170  11:23  Marine x6, Marauder x2  
  170  11:24  Marauder  
  167  11:26  Marine x2  
  167  11:32  SCV x2  
  173  11:33  SCV  
  173  11:39  Medivac x2  
  170  11:40  Fusion Core  
  167  11:52  Marine  
  154  11:56  Marine x4  
  154  11:57  Marine  
  162  12:11  Refinery  
  162  12:12  Command Center  
  164  12:16  Refinery  

Tags
 
Add a new tag
Caveats
  • Supply blocks, unpowered buildings, or Contaminate may cause inaccurate times.
  • Supply counts are checked every 10 seconds.